 Dungeon Crawl Stone Soup version 0.18.1-48-g4cf74bf (webtiles) character file.

156 Implojin the Ruffian (level 5, -4/45 HPs)
             Began as a Minotaur Fighter on July 22, 2016.
             Killed from afar by Blork the orc (10 damage)
             ... with a puff of frost
             ... on level 5 of the Dungeon.
             The game lasted 00:02:37 (521 turns).

Implojin the Ruffian (Minotaur Fighter)              Turns: 521, Time: 00:02:38

Health: -4/45      AC:  6    Str: 21    XL:     5   Next: 15%
Magic:  4/4        EV:  7    Int:  5    God:
Gold:   20         SH:  9    Dex: 10    Spells: 0 memorised, 4 levels left

rFire  . . .     SeeInvis .       - Unarmed
rCold  . . .     Gourm    .     a - +0 scale mail
rNeg   . . .     Faith    .     b - +0 shield
rPois  .         Spirit   .     (helmet restricted)
rElec  .         Dismiss  .     (no cloak)
rCorr  .         Reflect  .     (no gloves)
SustAt .         Harm     .     (no boots)
MR     .....                    (no amulet)
Stlth  ..........               (no ring)
                                (no ring)

@: about to teleport, not resistant to hostile enchantments, extremely
unstealthy
A: retaliatory headbutt, horns 2
a: no special abilities


You were on level 5 of the Dungeon.
You were not hungry.

You visited 1 branch of the dungeon, and saw 5 of its levels.

You collected 20 gold pieces.

Inventory:

Armour
 a - a +0 scale mail (worn)
 b - a +0 shield (worn)
 j - a +2 large shield
Scrolls
 e - a scroll of amnesia {unknown}
 g - a scroll of magic mapping {unknown}
 h - 2 scrolls of teleportation
 i - a scroll of remove curse {unknown}
 k - a scroll of identify {unknown}
Comestibles
 c - 2 chunks of flesh
 d - a bread ration
 f - a meat ration


   Skills:
 - Level 3.6 Fighting
 - Level 3.6 Armour
 - Level 3.6 Shields
 * Level 5.9 Unarmed Combat


You had 4 spell levels left.
You didn't know any spells.

Dungeon Overview and Level Annotations

Branches:
Dungeon (5/15)
 Temple: D:4-7

Altars:
Ru

Annotations:
D:5 Blork the orc


Innate Abilities, Weirdness & Mutations

You reflexively headbutt those who attack you in melee.
You have a pair of horns on your head.


Message History

Butcher a howler monkey corpse? [(y)es/(c)hoosy/(n)o/(a)ll/(e)dible/(q)uit/?]
You butcher the howler monkey corpse.
c - 2 chunks of flesh
Things that are here:
a hound corpse; a howler monkey skeleton You feel sick.
Drink which item? (? for menu, Esc to quit)
Okay, then.
You see here a scorpion corpse.
You enter the shallow water.
Moving in this stuff is going to be slow.
You feel sick.
Found 13 gold pieces.
You feel sick.
You now have 20 gold pieces (gained 13).
You feel sick.
You are no longer poisoned.
You feel a little less mighty now.
Found a stone staircase leading up.
Found 12 gold pieces.
Blork the orc comes into view.
He is wielding a war axe.
Blork the orc shouts!
Blork the orc looks braver for a moment.
Blork the orc gestures wildly while chanting.
Blork the orc seems to speed up.
Drink which item? (? for menu, Esc to quit)
It was a potion of curing.
You feel better. Blork the orc casts a spell at you.
The puff of frost hits you!
* * * LOW HITPOINT WARNING * * *
Unknown command.
Read which item? (? for menu, Esc to quit)
As you read the scroll labeled BEMOGG FOCHEU, it crumbles to dust.
You feel strangely unstable.
It was a scroll of teleportation.
Read which item? (? for menu, Esc to quit)
Okay, then.
You closely miss Blork the orc. Blork the orc casts a spell at you.
The puff of frost hits you!
You die...

##≈≈.≈≈##....# ##
#≈≈≈##......# ...
#######......#
...##............#
......##.........#
.#.....#.........#
.................#
.............######
.........##.#@....#
.........#..o......#
................<...#
..........#.........#
..........#.........#
....................#
....................#
$.....#.#.#.#.#.....#
....... ....


You could see Blork the orc.

Vanquished Creatures
  A scorpion (D:5)
  A howler monkey (D:5)
  A hound (D:5)
  An adder (D:2)
  An adder skeleton (D:3)
  A worm (D:3)
  A dart slug (D:4)
  4 bats
  2 goblins
  2 hobgoblins (D:1)
  4 kobolds
  2 quokkas
  4 rats
25 creatures vanquished.

Notes
Turn   | Place    | Note
--------------------------------------------------------------
     0 | D:1      | Implojin the Minotaur Fighter began the quest for the Orb.
     0 | D:1      | Reached XP level 1. HP: 19/19 MP: 0/0
   136 | D:1      | Reached skill level 3 in Unarmed Combat
   199 | D:1      | Reached XP level 2. HP: 16/26 MP: 1/1
   355 | D:3      | Reached XP level 3. HP: 14/31 MP: 2/2
   367 | D:3      | Reached skill level 4 in Unarmed Combat
   390 | D:3      | Found a sacrificial altar of Ru.
   461 | D:5      | Entered Level 5 of the Dungeon
   461 | D:5      | Noticed a scorpion
   465 | D:5      | Killed a scorpion
   465 | D:5      | Reached skill level 5 in Unarmed Combat
   465 | D:5      | Reached XP level 4. HP: 19/39 MP: 3/3
   472 | D:5      | Reached XP level 5. HP: 7/45 MP: 4/4
   512 | D:5      | Noticed Blork the orc
   521 | D:5      | Killed from afar by Blork the orc

Skill      XL: |  1  2  3 |
---------------+----------+-----
Unarmed Combat | 3 5 |  5.9
Fighting       | |  3.6
Armour         | |  3.6
Shields        | |  3.6

Action                   |  1- 3 |  4- 6 || total
-------------------------+-------+-------++-------
Melee: Unarmed           |    66 |    10 ||    76
       Headbutt          |    14 |     1 ||    15
  Use: Potion            |     1 |     1 ||     2
       Scroll            |       |     1 ||     1
Armor: Scale mail        |    32 |     6 ||    38
Dodge: Dodged            |    28 |       ||    28
Block: Shield            |    41 |    12 ||    53

Table legend:
 A = Turns spent in this place as a percentage of turns spent in the entire game.
 B = Non-inter-level travel turns spent in this place as a percentage of non-inter-level travel turns spent in the entire game.
 C = Inter-level travel turns spent in this place as a percentage of turns spent in this place.
 D = Turns resting spent in this place as a percentage of non-inter-level travel turns spent in this place.
 E = Turns spent auto-exploring this place as a percentage of non-inter-level travel turns spent in this place.
 F = Non-inter-level travel turns spent in this place divided by the number of levels of this place that you've seen.
                   A       B       C       D       E      F
               +-------+-------+-------+-------+-------+----------------------
         Total | 100.0 | 100.0 |   0.0 |   0.0 |   0.0 | 111.2
       Dungeon | 100.0 | 100.0 |   0.0 |   0.0 |   0.0 | 111.2
               +-------+-------+-------+-------+-------+----------------------

Table legend:
 A = Kills in this place as a percentage of kills in entire the game.
 B = Kills by you in this place as a percentage of kills by you in the entire game.
 C = Kills by friends in this place as a percentage of kills by friends in the entire game.
 D = Other kills in this place as a percentage of other kills in the entire game.
 E = Experience gained in this place as a percentage of experience gained in the entire game.
 F = Experience gained in this place divided by the number of levels of this place that you have seen.
                   A       B       C       D       E      F
               +-------+-------+-------+-------+-------+----------------------
         Total | 100.0 | 100.0 |  -nan |  -nan | 100.0 |  44.8
       Dungeon | 100.0 | 100.0 |  -nan |  -nan | 100.0 |  44.8
               +-------+-------+-------+-------+-------+----------------------
